 Dungeon Crawl Stone Soup version 0.28-a0-1485-g077359a4bf (webtiles) character file.

Game seed: 11869647110269033

707 Hasart the Conjurer (level 7, -2/50 HPs)
             Began as a Demigod Conjurer on Jan 11, 2022.
             Slain by a wyvern zombie (12 damage)
             ... on level 5 of the Dungeon.
             The game lasted 00:09:45 (5297 turns).

Hasart the Conjurer (Demigod Conjurer)              Turns: 5297, Time: 00:09:45

Health: -2/50      AC:  2    Str:  8    XL:     7   Next: 16%
Magic:  3/16       EV: 12    Int: 28    God:
Gold:   96         SH:  0    Dex: 12    Spells: 5/14 levels left

rFire   . . .      SeeInvis +   g - +1 short sword (venom)
rCold   . . .      Faith    .   (no shield)
rNeg    . . .      Spirit   .   a - +0 robe
rPois   .          Reflect  .   (no helmet)
rElec   .          Harm     .   (no cloak)
rCorr   .          Rampage  .   (no gloves)
Will    .....                   (no boots)
Stlth   ++........              (no amulet)
HPRegen 0.16/turn               b - ring of flight
MPRegen 0.15/turn               n - ring of see invisible

@: flying
A: high mp 1, forlorn, divine attributes
a: no special abilities


You were on level 5 of the Dungeon.
You visited 1 branch of the dungeon, and saw 5 of its levels.

You collected 96 gold pieces.

Inventory:

Hand Weapons
 g - a +1 short sword of venom (weapon)
Armour
 a - a +0 robe (worn)
Jewellery
 b - a ring of flight (left hand)
 n - a ring of see invisible (right hand)
Wands
 p - a wand of iceblast (10)
Scrolls
 c - a scroll of enchant weapon {unknown}
 h - a scroll of teleportation
 j - 3 scrolls of identify
 m - a scroll of holy word {unknown}
 o - a scroll of amnesia
Potions
 d - a potion of degeneration {unknown}
 e - 2 potions of curing
 f - a potion of flight {unknown}
 i - 2 potions of attraction {unknown}
 k - a potion of cancellation {unknown}
 l - a potion of brilliance


   Skills:
 - Level 1.7 Dodging
 - Level 1.7 Stealth
 + Level 4.3 Spellcasting
 + Level 5.7 Conjurations
 + Level 3.0 Hexes
 + Level 2.1 Earth Magic


You had 5 spell levels left.
You knew the following spells:

 Your Spells              Type           Power      Damage    Failure   Level
a - Stone Arrow           Conj/Erth      56%        3d10      4%          3
b - Searing Ray           Conj           76%        2d7       1%          2
c - Fulminant Prism       Conj/Hex       15%        3d11      12%         4

Your spell library contained the following spells:

 Spells                   Type           Power      Damage    Failure   Level
 Magic Dart               Conj           100%       1d8       1%          1
 Dazzling Flash           Conj/Hex       60%        N/A       3%          3
 Iskenderun's Mystic Bla  Conj/Tloc      22%        2d6       22%         4
 Animate Armour           Summ/Erth      24%        N/A       41%         4
 Lehudib's Crystal Spear  Conj/Erth      14%        10d5      100%        8


Dungeon Overview and Level Annotations

Branches:
Dungeon (5/15)             Temple (0/1) D:4


Innate Abilities, Weirdness & Mutations

You have an increased reservoir of magic. (+10% MP)
You shall have no god before yourself.
Your divine heritage dramatically boosts your attributes as you level up.


Message History

The searing ray hits the wyvern zombie.
The wyvern zombie is heavily damaged.
The searing ray hits the bullfrog skeleton!
You destroy the bullfrog skeleton!
You finish channelling your searing ray.
Your Hexes skill increases to level 3!
Your Earth Magic skill increases to level 2!
You have reached level 7!
The wyvern zombie bites you!
* * * LOW HITPOINT WARNING * * *
Casting: Searing Ray (safe; 1% risk of failure)
Confirm with . or Enter, or press ? or * to list all spells.
Aiming: Searing Ray (safe; 1% risk of failure)
Press: ? - help, Shift-Dir - straight line
Okay, then.
Casting: Searing Ray (safe; 1% risk of failure)
Confirm with . or Enter, or press ? or * to list all spells.
Okay, then.
Casting: Searing Ray (safe; 1% risk of failure)
Confirm with . or Enter, or press ? or * to list all spells.
The spell is quite dangerous to miscast (12% risk of failure)!
Continue anyway?
Aiming: Fulminant Prism (quite dangerous; 12% risk of failure)
Press: ? - help, Dir - move target You conjure a prism of explosive energy!
A fulminant prism comes into view.
You hear the slow rusting of a very distant drain.
The wyvern zombie bites you.
* * * LOW HITPOINT WARNING * * *
Unknown command.
Aiming: Searing Ray (safe; 1% risk of failure)
Press: ? - help, Q - select action, (/) - cycle Shift-Dir - straight line The searing ray hits the wyvern zombie.
The wyvern zombie is severely damaged. (Press . to maintain the ray.)
The wyvern zombie closely misses you. x2
Your fulminant prism crackles loudly.
The searing ray hits the wyvern zombie!
The wyvern zombie is almost destroyed.
The wyvern zombie bites you!
You die...

######## #.# #*.Z@..# #.#
#.####.####.# #)# #....<#.#
#.# #..####.#
##.###.......###
...##....#.........###
.Z........#...........#####
###....#..(##.###<..#.....#
.....#............###..##.#


You could see a wyvern zombie (ally target) and a friendly fulminant prism.

Vanquished Creatures
  A necrophage (D:5)
  A black bear (D:4)
  An ogre (D:5)
  A scorpion (D:4)
  An orc priest (D:4)
  A bullfrog skeleton (D:5)
  2 iguanas
  2 orc wizards (D:3)
  7 gnolls
  3 adders
  A shadow imp (D:4)
  An ufetubus (D:4)
  3 adder skeletons (D:4)
  A worm (D:2)
  2 dart slugs (D:4)
  11 orcs
  4 ball pythons
  9 bats
  7 endoplasms
  3 giant cockroaches
  5 goblins
  5 hobgoblins
  4 jackals (D:1)
  5 quokkas
  5 frilled lizards
  9 kobolds
  16 rats
111 creatures vanquished.

Vanquished Creatures (others)
  A fulminant prism (D:3)
  13 plants
14 creatures vanquished.

Grand Total: 125 creatures vanquished

Notes
Turn   | Place    | Note
-------+----------+-------------------------------------------
     0 | D:1      | Hasart the Demigod Conjurer began the quest for the Orb.
     0 | D:1      | Reached XP level 1. HP: 14/14 MP: 5/5
     1 | D:1      | Noticed an electric eel
   353 | D:1      | Reached XP level 2. HP: 20/20 MP: 5/7
   356 | D:1      | Learned a level 2 spell: Searing Ray
   551 | D:1      | Reached skill level 4 in Conjurations
  1232 | D:1      | Reached XP level 3. HP: 24/26 MP: 9/9
  1433 | D:1      | Reached XP level 4. HP: 19/33 MP: 4/11
  1704 | D:2      | Learned a level 4 spell: Fulminant Prism
  2612 | D:3      | Reached skill level 1 in Hexes
  2612 | D:3      | Reached XP level 5. HP: 35/38 MP: 8/13
  2857 | D:3      | Reached skill level 5 in Conjurations
  3681 | D:3      | Identified a scroll of acquirement
  3681 | D:3      | Acquired a book of Armaments
  3687 | D:3      | Learned a level 3 spell: Stone Arrow
  3778 | D:4      | Reached XP level 6. HP: 32/45 MP: 9/14
  3906 | D:4      | Found a staircase to the Ecumenical Temple.
  4225 | D:4      | Reached skill level 1 in Earth Magic
  5194 | D:5      | Entered Level 5 of the Dungeon
  5292 | D:5      | Reached XP level 7. HP: 21/50 MP: 9/16
  5297 | D:5      | Slain by a wyvern zombie

Illustrated notes

Levels and vault maps discovered:
D:1:      arrival_aquarium_a, layout_rooms, skrybe_limestone_x,
          minmay_rat_gold_closets
D:2:      minmay_chambers_of_twos, layout_basic, basic_ecumenical_altar,
          serial_bayou_lagoon_a
D:3:      layout_loops_ring, serial_bayou_pond_c
D:4:      layout_loops_corners, minmay_temple_entry_slanted, serial_bayou,
          serial_bayou_pond_e, serial_bayou_pond_c, serial_bayou_lake_a,
          serial_bayou_pond_d, serial_bayou_lagoon_b, minmay_stone_trees_small
D:5:      lemuel_ratsnest, layout_basic, portal_sewer_entry_b, serial_shops,
          nicolae_shop_statue_plus

Skill      XL: |  1  2  3  4  5  6 |
---------------+-------------------+-----
Spellcasting   | 2 3 4 |  4.3
Conjurations   | 4 5 |  5.7
Hexes          | 1 2 3 |  3.0
Earth Magic    | 2 |  2.1
Dodging        | |  1.7
Stealth        | |  1.7

Action                   |  1- 3 |  4- 6 |  7- 9 || total
-------------------------+-------+-------+-------++-------
Melee: Dagger            |     2 |       |       ||     2
       Short sword       |    24 |    60 |       ||    84
 Cast: Magic Dart        |    23 |       |       ||    23
       Searing Ray       |    19 |    35 |     1 ||    55
       Fulminant Prism   |       |     1 |     1 ||     2
  Use: Scroll            |       |     7 |       ||     7
 Stab: Sleeping          |     4 |     2 |       ||     6
       Distracted        |       |     1 |       ||     1
Armor: Robe              |     5 |    10 |       ||    15
Dodge: Dodged            |    24 |    56 |     2 ||    82

Table legend: (Time is in decaauts)
 A = Elapsed time spent in this place.
 B = Non-inter-level travel time spent in this place.
 C = Inter-level travel time spent in this place.
 D = Time resting spent in this place.
 E = Time spent auto-exploring this place.
 F = Levels seen in this place.
 G = Mean time per level.
                   A        B        C        D        E       F      G
               +--------+--------+--------+--------+--------+-----+--------+
         Total |   5304 |   5220 |     84 |    282 |   4144 |   5 | 1060.8 |
       Dungeon |   5304 |   5220 |     84 |    282 |   4144 |   5 | 1060.8 |
               +--------+--------+--------+--------+--------+-----+--------+

Top non-repeatable levels by time:
     D:4: 1479 daAuts
     D:1: 1411 daAuts
     D:2: 1302 daAuts
     D:3: 1008 daAuts
     D:5: 102 daAuts
